 Dungeon Crawl Stone Soup version 0.28.0 (webtiles) character file.

Game seed: 3367590983394498632

186 HallandMoats the Skirmisher (level 5, 0/46 HPs)
             Began as a Ghoul Monk on Feb 11, 2022.
             Was a Believer of Okawaru.
             Slain by an orc warrior (8 damage)
             ... on level 4 of the Dungeon.
             The game lasted 00:04:29 (3684 turns).

HallandMoats the Skirmisher (Ghoul Monk)            Turns: 3684, Time: 00:04:29

Health: 0/46       AC:  5    Str: 15    XL:     5   Next: 65%
Magic:  5/5        EV: 11    Int:  5    God:    Okawaru [**....]
Gold:   123        SH:  0    Dex: 13    Spells: 4/4 levels left

rFire   . . .      SeeInvis .     - Unarmed
rCold   + . .      Faith    .   (no shield)
rNeg    + + +      Spirit   .   f - +0 ring mail
rPois   ∞          Reflect  .   (no helmet)
rElec   .          Harm     .   (no cloak)
rCorr   .          Rampage  .   (no gloves)
Will    .....                   (no boots)
Stlth   +.........              (no amulet)
HPRegen 0.00/turn               (no ring)
MPRegen 0.09/turn               (no ring)

@: about to teleport, inhibited regen
A: claws 1, cold resistance 1, negative energy resistance 3, inhibited
regeneration, torment resistance 2
a: Renounce Religion, Heroism


You were on level 4 of the Dungeon.
You worshipped Okawaru.
Okawaru was pleased with you.
You visited 1 branch of the dungeon, and saw 4 of its levels.

You collected 123 gold pieces.

Inventory:

Hand Weapons
 i - a +4 spear
Missiles
 a - a throwing net (quivered)
Armour
 f - a +0 ring mail (worn)
 g - a +2 pair of gloves
Scrolls
 b - 2 scrolls of teleportation
 h - a scroll of enchant weapon
 l - a scroll of immolation
Potions
 c - 2 potions of attraction {unknown}
 d - 2 potions of lignification {unknown}
 e - a potion of cancellation {unknown}
 j - a potion of haste {unknown}


   Skills:
 * Level 4.1 Fighting
 * Level 1.3 Polearms
 * Level 1.8 Armour
 * Level 3.5 Dodging
 + Level 2.8 Stealth
 + Level 3.8 Unarmed Combat
 + Level 1.3 Invocations


You had 4 spell levels left.
You didn't know any spells.
Your spell library contained the following spells:

 Spells                   Type           Power      Damage    Failure   Level
 Portal Projectile        Hex/Tloc       0%         N/A       97%         3
 Leda's Liquefaction      Hex/Erth       0%         N/A       100%        4
 Call Canine Familiar     Summ           Unusable   N/A       N/A         3

Dungeon Overview and Level Annotations

Branches:
Dungeon (4/15)
 Temple: D:4-7

Altars:
Okawaru

Shops:
D:1 =   D:2 *

Annotations:
D:2 Grinder


Innate Abilities, Weirdness & Mutations

You thrive by killing the living.
You are immune to poison.
You have sharp fingernails.
Your flesh is cold resistant. (rC+)
You are immune to negative energy. (rN+++)
You do not regenerate when monsters are visible.
You are immune to unholy pain and torment.


Message History

There is a stone staircase leading down here.
An orc warrior comes into view. It is wielding a +0 war axe.
An orc warrior is nearby!
An orc warrior is nearby!
There is an iron altar of Okawaru here.
You kneel at the altar of Okawaru.
Okawaru welcomes you!
You can now gain great but temporary skills.
An orc and an orc wizard come into view.
The orc wizard shouts!
The orc wizard casts a spell.
The orc wizard flickers and vanishes!
Deactivating autopickup; reactivate with Ctrl-A.
You gain the combat prowess of a mighty hero.
The orc shouts!
You hear a shout!
You hear an angry hiss.
You hear a shout!
The orc warrior hits you with a +0 war axe.
You hear a shout!
You closely miss the orc warrior.
You claw the orc warrior, but do no damage.
The orc warrior hits you with a +0 war axe!
You scratch the orc warrior but do no damage.
You barely miss the orc warrior. Your claw misses the orc warrior.
The orc warrior hits you with a +0 war axe!
You closely miss the orc warrior.
The orc warrior hits you with a +0 war axe.
You scratch the orc warrior.
The orc warrior is lightly wounded.
The orc warrior hits you with a +0 war axe!
* * * LOW HITPOINT WARNING * * *
You scratch the orc warrior but do no damage.
The orc warrior is lightly wounded.
The orc warrior misses you.
A phantom comes into view.
You feel like a meek peon again.
An orc wizard appears from thin air!
Reactivating autopickup.
As you read the scroll of teleportation, it crumbles to dust.
You feel strangely unstable.
The orc warrior hits you with a +0 war axe!
You die...

..<.###...#.###....._
.....#...#.# #..♣.♣.
#.#.#...).# ##.....
###.[....#######.#.♣.
#.....##.# #........
####........# #.###.##.
..........######...#.##.
...#...o#...............
#...@#########.....##
#.>.<........#..##.#
##########o..#..##.#
..............>...#
.......##.#########
.......##.# ..W...o...#
#....###### #..


You could see an orc warrior and an orc wizard.

Vanquished Creatures
  4 orc wizards
  An adder (D:3)
  A worm (D:3)
  7 orcs
  9 ball pythons
  A bat (D:3)
  4 endoplasms
  6 giant cockroaches
  4 goblins
  6 hobgoblins
  5 jackals
  2 quokkas
  5 frilled lizards
  2 kobolds (D:2)
  4 rats
61 creatures vanquished.

Vanquished Creatures (others)
  4 fungi (D:3)
  2 plants (D:3)
6 creatures vanquished.

Grand Total: 67 creatures vanquished

Notes
Turn   | Place    | Note
-------+----------+-------------------------------------------
     0 | D:1      | HallandMoats the Ghoul Monk began the quest for the Orb.
     0 | D:1      | Reached XP level 1. HP: 19/19 MP: 0/0
    88 | D:1      | Reached XP level 2. HP: 26/26 MP: 1/1
   394 | D:1      | Found Poiresi's Jewellery Emporium.
   438 | D:1      | Reached XP level 3. HP: 31/31 MP: 2/2
   823 | D:1      | Reached skill level 1 in Armour
  1094 | D:2      | Found Atucad's Assorted Antiques.
  1655 | D:3      | Noticed Grinder
  1777 | D:2      | Reached skill level 1 in Invocations
  1777 | D:2      | Reached XP level 4. HP: 23/40 MP: 3/3
  1931 | D:2      | Paralysed by Grinder for 3 turns
  2892 | D:3      | Reached skill level 4 in Fighting
  2892 | D:3      | Reached skill level 1 in Polearms
  2892 | D:3      | Reached XP level 5. HP: 12/46 MP: 4/4
  3405 | D:3      | Found a faded altar of an unknown god.
  3595 | D:4      | Found an iron altar of Okawaru.
  3623 | D:4      | Noticed an orc warrior
  3639 | D:4      | Became a worshipper of Warmaster Okawaru
  3639 | D:4      | Reached * piety under Okawaru
  3639 | D:4      | Reached ** piety under Okawaru
  3664 | D:4      | Noticed a phantom
  3684 | D:4      | Slain by an orc warrior

Illustrated notes

Levels and vault maps discovered:
D:1:      dpeg_arrival_oval, layout_basic, serial_shops, nicolae_shop_crystal
D:2:      layout_loops_ring, serial_shops, shop
D:3:      layout_rooms, shapermc_ecumenical_altar_mp_ritualfount, uniq_grinder
D:4:      layout_basic, okawaru_trees_1, uniq_natasha

Skill      XL: |  1  2  3  4 |
---------------+-------------+-----
Armour         | 1 |  1.8
Dodging        | 3 |  3.5
Invocations    | 1 |  1.3
Fighting       | 4 |  4.1
Polearms       | 1 |  1.3
Stealth        | |  2.8
Unarmed Combat | |  3.8

Action                   |  1- 3 |  4- 6 || total
-------------------------+-------+-------++-------
Melee: Unarmed           |   112 |   100 ||   212
       Punch             |     3 |     7 ||    10
Invok: Heroism           |       |     1 ||     1
  Use: Scroll            |       |     4 ||     4
 Stab: Sleeping          |     3 |     1 ||     4
Armor: Robe              |    11 |       ||    11
       Ring mail         |    23 |    34 ||    57
Dodge: Dodged            |    84 |    64 ||   148
